 Dungeon Crawl Stone Soup version 0.31.0-12-g77e489cdc1 (webtiles) character file.

Game seed: 16154789228788271638

443 Gadfly the Trooper (level 7, -2/43 HPs)
             Began as a Gargoyle Fighter on Mar 7, 2024.
             Was an Initiate of the Shining One.
             Killed by divine providence
             ... invoked by an orc priest
              (14 damage)
             ... on level 5 of the Dungeon.
             The game lasted 00:05:52 (4194 turns).

Gadfly the Trooper (Gargoyle Fighter)               Turns: 4194, Time: 00:05:52

Health: -2/43      AC: 18    Str: 19    XL:     7   Next: 2%
Magic:  9/9        EV:  7    Int:  9    God:    the Shining One [......]
Gold:   209        SH:  4    Dex: 11    Spells: 4/6 levels left

rFire   . . .        a - +1 flail
rCold   . . .        c - +0 buckler
rNeg    + . .        k - +0 chain mail
rPois   ∞            p - +0 helmet
rElec   +            (no cloak)
rCorr   .            (no gloves)
SInv    +            h - +2 pair of boots
Will    +....        (no amulet) Stlth
                     n - ring of see invisible
HPRegen 0.27/turn    g - ring of willpower
MPRegen 0.11/turn

%: no passive effects
@: glowing, studying Shapeshifting
A: sickness immunity, AC +4, negative energy resistance 1, electricity
resistance, torment resistance 1, petrification resistance
a: Renounce Religion


You were on level 5 of the Dungeon.
You worshipped the Shining One.
The Shining One was noncommittal.
You visited 2 branches of the dungeon, and saw 6 of its levels.

You collected 209 gold pieces.

Inventory:

Hand Weapons
 a - a +1 flail (weapon)
Armour
 c - a +0 buckler (worn)
 h - a +2 pair of boots (worn)
 k - a +0 chain mail (worn)
 p - a +0 helmet (worn)
Jewellery
 g - a ring of willpower (right hand)
 n - a ring of see invisible (left hand)
Wands
 b - a wand of paralysis (8)
Scrolls
 e - 2 scrolls of vulnerability
 o - a scroll of enchant weapon
 q - a scroll of teleportation {unknown}
Potions
 d - a potion of might
 f - a potion of haste
 i - a potion of attraction
 j - 2 potions of brilliance {unknown}
 l - a potion of ambrosia {unknown}
 m - a potion of enlightenment {unknown}


   Skills:
 + Level 4.2 Fighting
 * Level 3.7 Maces & Flails
 + Level 4.2 Armour
 + Level 4.1 Shields
 * Level 3.2 Invocations
 * Level 2.7 Evocations


You had 4 spell levels left.
You knew the following spells:

 Your Spells              Type           Power      Damage    Failure   Level
a - Blink                 Tloc           0%         N/A       99%         2

Your spell library contained the following spells:

 Spells                   Type           Power      Damage    Failure   Level
 Kiss of Death            Conj/Necr      0%         2d5       99%         1
 Sandblast                Erth           0%         2d4       99%         1
 Lesser Beckoning         Tloc           0%         N/A       99%         2
 Momentum Strike          Conj/Tloc      0%         3d8       99%         2
 Confusing Touch          Hex            0%         N/A       100%        3
 Passwall                 Erth           0%         N/A       100%        3
 Stone Arrow              Conj/Erth      0%         3d7       100%        3
 Brom's Barrelling Bould  Conj/Erth      0%         2d3       100%        4
 Dispel Undead            Necr           0%         3d6       100%        4


Dungeon Overview and Level Annotations

Branches:
Dungeon (5/15)             Temple (1/1) D:4

Altars:
Ashenzari
Dithmenos
Fedhas
Gozag
Hepliaklqana
Kikubaaqudgha
Nemelex Xobeh
Okawaru
Ru
Trog
Uskayaw
Vehumet
Wu Jian
Xom
Yredelemnul
Zin
The Shining One


Innate Abilities, Weirdness & Mutations

You are immune to sickness and miasma.
Your stone body is resilient. (AC +4)
You are immune to poison.
You resist negative energy. (rN+)
You are resistant to electric shocks. (rElec)
You are resistant to unholy torment.
You are immune to petrification.


Message History

The orc priest is moderately wounded.
The orc priest barely misses you.
You hit the orc priest.
The orc priest is severely wounded.
The orc priest barely misses you.
You barely miss the orc priest.
The orc priest is severely wounded.
The orc priest invokes the aid of Beogh against you.
You resist with some effort.
You hit the orc priest.
The orc priest is almost dead.
The orc priest looks encouraged for a moment.
You hit the orc wizard but do no damage.
The orc wizard is severely wounded.
The orc priest calls upon Beogh to heal the orc wizard.
The orc wizard is healed somewhat.
You sock the orc wizard!
You kill the orc wizard!
The bombardier beetle waves its antennae.
You sock the jelly!
Your hands burn!
The jelly is almost dead.
The jelly jiggles.
The jelly hits you but does no damage.
You hit the jelly.
You kill the jelly!
The orc priest begins to cast a cantrip, but forgets the words!
You have reached level 7!
You barely miss the orc.
The orc priest mumbles some strange prayers to Beogh against you.
Beogh smites you!
* * * LOW HITPOINT WARNING * * *
The orc hits you but does no damage. The orc completely misses you.
You are too injured to fight recklessly!
You sock the orc!
You kill the orc!
You barely miss the orc priest.
The orc priest is almost dead.
The orc priest calls down the wrath of Beogh upon you.
Beogh smites you!
You die...

.#......... ### . .#..#..###.
#.##.## .... .........#.
..##..##...#
.........#.###..........## .o
..#..........#...........###o.
.##...#.###..#.###........#...
..#.......#......#........B...
.....##...#.###.)#o###........
....####......#.@ooo.#.o......
..#####..###..#.###B.#........
...##......#..... #....)......
.......#...#.###..#..o.......>
...##..#.......#......#......#
..##......###..#...#........##
............#....#...........#
...#........#.....##...#....##
................## #..###.###


You could see a bombardier beetle, an orc priest and 3 orcs.

Vanquished Creatures
  A phantom (D:4)
  An orc priest (D:3)
  3 jellies
  2 sleepcaps (D:5)
  An iguana (D:4)
  Ijyb (D:5)
  An orc wizard (D:5)
  2 adders (D:2)
  2 ufetubi (D:5)
  3 ribbon worms (D:2)
  7 orcs
  6 endoplasms
  A giant cockroach (D:2)
  10 goblins
  11 hobgoblins
  6 jackals
  2 quokkas
  7 ball pythons
  2 bats
  3 frilled lizards (D:1)
  3 kobolds
  9 rats
84 creatures vanquished.

Notes
Turn   | Place    | Note
-------+----------+-------------------------------------------
     0 | D:1      | Gadfly the Gargoyle Fighter began the quest for the Orb.
     0 | D:1      | Reached XP level 1. HP: 14/14 MP: 1/1
   150 | D:1      | Reached XP level 2. HP: 17/19 MP: 2/2
   317 | D:1      | Reached skill level 1 in Invocations
   382 | D:1      | Found a faded altar of an unknown god.
   605 | D:1      | Reached XP level 3. HP: 16/23 MP: 3/3
  1102 | D:2      | Reached skill level 1 in Evocations
  1312 | D:2      | Reached XP level 4. HP: 28/28 MP: 5/5
  1566 | D:2      | Learned a level 2 spell: Blink
  2163 | D:3      | Reached XP level 5. HP: 8/33 MP: 6/6
  2320 | D:3      | Found a glowing golden altar of the Shining One.
  2325 | D:3      | Became a worshipper of the Shining One
  2680 | D:4      | Noticed a phantom
  2708 | D:4      | Killed a phantom
  2757 | D:4      | Found a staircase to the Ecumenical Temple.
  2798 | D:4      | Reached XP level 6. HP: 24/38 MP: 7/7
  2875 | Temple   | Entered the Ecumenical Temple
  3761 | D:4      | Identified the orb of the Well-Known Curses {*Rage, -Tele
                  | rElec rN+ Alchemy}
  3987 | D:5      | Entered Level 5 of the Dungeon
  3996 | D:5      | Noticed Ijyb
  4022 | D:5      | Killed Ijyb
  4192 | D:5      | Reached XP level 7. HP: 24/43 MP: 9/9
  4194 | D:5      | Killed from afar by an orc priest

Illustrated notes

Levels and vault maps discovered:
D:1:      onia_arrival_mini_spirals, layout_loops_corners,
          hellmonk_ecumenical_altar_dog_temple, dreamdust_princess_corridor
D:2:      layout_basic, minmay_distorted
D:3:      layout_basic, marbit_many_paths, hex_tiny
D:4:      layout_layer_cave, temple_doors_e, minmay_manual_mess
D:5:      layout_cave_pools, minmay_tree_intersection, hangedman_decor_points,
          nicolae_underground_beach, uniq_crazy_yiuf_cottage, uniq_ijyb
Temple:   eino_temple_scatter_basement

Skill      XL: |  1  2  3  4  5  6 |
---------------+-------------------+-----
Invocations    | 1 2 3 |  3.2
Evocations     | 1 2 |  2.7
Maces & Flails | 3 |  3.7
Fighting       | 4 |  4.2
Armour         | 4 |  4.2
Shields        | 4 |  4.1

Action                     |  1- 3 |  4- 6 |  7- 9 || total
---------------------------+-------+-------+-------++-------
  Melee: Flail             |   142 |   167 |     3 ||   312
    Use: Scroll            |     2 |     3 |       ||     5
         Potion            |       |     1 |       ||     1
 Armour: Scale mail        |    97 |    32 |       ||   129
         Chain mail        |       |   107 |     1 ||   108
  Dodge: Dodged            |    76 |    73 |     1 ||   150
  Block: Buckler           |    30 |    43 |       ||    73
